 Dungeon Crawl Stone Soup version 0.30-a0-263-ge22c4ad894 (webtiles) character file.

Game seed: 15070171946452446814

1064 jlumianski the Chopper (level 8, 0/58 HPs)
             Began as a Demonspawn Gladiator on Oct 13, 2022.
             Was a Follower of Qazlal.
             Slain by a centaur
             ... wielding the +7 glaive of the Desert {flame, Str+5}
              (11 damage)
             ... on level 5 of the Dungeon.
             The game lasted 00:23:52 (4769 turns).

jlumianski the Chopper (Demonspawn Gladiator)       Turns: 4769, Time: 00:23:52

Health: 0/58       AC: 14    Str: 17    XL:     8   Next: 6%
Magic:  10/10      EV:  5    Int: 10    God:    Qazlal [*.....]
Gold:   331        SH:  7    Dex: 14    Spells: 7/7 levels left

rFire   . . .      SeeInvis +    a - +1 war axe
rCold   . . .      Faith    .    F - +1 buckler
rNeg    . . .      Spirit   .    q - +0 plate armour
rPois   .          Reflect  .    c - +2 helmet
rElec   .          Harm     .    (no cloak)
rCorr   +          Rampage  .    (no gloves)
Will    .....                    (no boots)
Stlth   ..........               l - amulet of the acrobat
HPRegen 0.29/turn                j - ring of resist corrosion
MPRegen 0.12/turn                u - ring of see invisible

@: no status effects
A: foul stench 1, icemail 1, condensation shield
a: Renounce Religion


You were on level 5 of the Dungeon.
You worshipped Qazlal.
Qazlal was aware of your devotion.
You visited 1 branch of the dungeon, and saw 6 of its levels.

You collected 331 gold pieces.

Inventory:

Hand Weapons
 a - a +1 war axe (weapon)
Missiles
 d - 5 throwing nets
 p - 6 javelins
 s - 5 silver javelins (quivered)
 y - a boomerang
 z - 3 poisoned darts
Armour
 b - a +0 leather armour
 c - a +2 helmet (worn)
 e - a +1 scale mail of willpower
 q - a +0 plate armour (worn)
 F - a +1 buckler (worn)
Jewellery
 j - a ring of resist corrosion (left hand)
 l - an amulet of the acrobat (around neck)
 u - a ring of see invisible (right hand)
 w - a ring of protection from fire
Wands
 f - a wand of mindburst (39)
 i - a wand of iceblast (7)
 B - a wand of flame (24)
Scrolls
 n - a scroll of butterflies
 r - a scroll of poison
 E - a scroll of teleportation
Potions
 g - a potion of brilliance
 h - a potion of curing
 k - a potion of flight
 m - a potion of lignification
 o - a potion of might
 v - a potion of mutation
 x - 2 potions of degeneration
 A - a potion of ambrosia


   Skills:
 + Level 3.0 Fighting
 + Level 6.3 Axes
 + Level 2.0 Throwing
 + Level 3.2 Armour
 + Level 3.8 Dodging
 + Level 0.2 Stealth
 + Level 2.0 Shields
 * Level 3.3 Invocations
 * Level 1.4 Evocations


You had 7 spell levels left.
You didn't know any spells.
Your spell library contained the following spells:

 Spells                   Type           Power      Damage    Failure   Level
 Shock                    Conj/Air       0%         1d3       100%        1
 Scorch                   Fire           0%         2d5       100%        2
 Swiftness                Air            0%         N/A       100%        3
 Airstrike                Air            0%         2d(0-16)  100%        4
 Flame Wave               Conj/Fire      0%         2d4       100%        4
 Summon Cactus Giant      Summ           0%         N/A       100%        6


Dungeon Overview and Level Annotations

Branches:
Dungeon (6/15)
 Temple: D:4-7

Altars:
Fedhas
Qazlal


Innate Abilities, Weirdness & Mutations

You may rarely emit foul miasma when damaged in melee.
A meltable icy envelope protects you from harm. (AC +0)
A meltable shield of frost defends you. (SH +0)


Message History

The gnoll is almost dead.
You block the gnoll's attack.
You hit the gnoll.
You kill the gnoll!
Qazlal accepts your kill.
Your Shields skill increases to level 2!
You see here a +0 club.
There is a stone staircase leading down, spattered with blood here.
You start resting.
HP restored.
You climb downwards.
The centaur shoots an arrow.
The arrow hits you but does no damage.
There is a stone staircase leading up here.
The centaur unwields a +0 shortbow.
The centaur wields the +7 glaive of the Desert {flame, Str+5}.
It bursts into flame!
The centaur hits you with the +7 glaive of the Desert {flame, Str+5}!
Your icy defenses dissipate!
The centaur burns you.
The centaur kicks you but does no damage.
You climb upwards.
There is a stone staircase leading down, spattered with blood here.
You barely miss the centaur.
The centaur hits you with the +7 glaive of the Desert {flame, Str+5}!
The centaur burns you.
The centaur kicks you but does no damage.
The centaur hits you with the +7 glaive of the Desert {flame, Str+5}!
* * * LOW HITPOINT WARNING * * *
The centaur burns you.
* * * LOW HITPOINT WARNING * * *
The centaur kicks you but does no damage.
You hit the centaur.
The centaur is moderately wounded.
The centaur hits you with the +7 glaive of the Desert {flame, Str+5}.
* * * LOW HITPOINT WARNING * * *
The centaur burns you.
* * * LOW HITPOINT WARNING * * *
You block the centaur's attack.
The centaur hits you with the +7 glaive of the Desert {flame, Str+5}!
You die...

####.#.#.# #....#.# #.#
.....#.#.# #....#.# #.#
.....#.#.#####....#.# #.#
##................#.###.#
.###.##..#######)##.##..#
[# #.##........#.##....##
## #.######..#.#....####
.# #.# #<#.....).#.# ###
.# #.#
#)#..#.c@.#.######.## .#
#.#
#.#..#.####.....##..##
.###.####.#..#.#
#####.##...##
........#.#..#.#
#.##.#..##
.###.##.#.#..#.#
#.##.##..##
>.....#.#.#..#.#
#.##.###..#
#######.#.#..#.#
#.##.'.##..
.§.§..#.#.#..#.#
#.##.###.#.
≈≈§.....P.#..#.#
#.##.##..##


You could see a centaur.

Vanquished Creatures
  Sigmund (D:5)
  A black bear (D:5)
  A phantom (D:5)
  A gnoll sergeant (D:5)
  4 orc priests
  A gnoll bouda (D:5)
  2 hounds (D:5)
  Terence (D:2)
  2 orc wizards (D:6)
  A mummy (D:5)
  14 gnolls
  9 adders
  A shadow imp (D:3)
  2 ufetubi
  4 worms
  3 dart slugs (D:1)
  11 orcs
  6 ball pythons
  11 endoplasms
  5 giant cockroaches
  11 goblins
  8 hobgoblins
  15 jackals
  3 quokkas
  5 bats
  4 frilled lizards
  5 kobolds
  A kobold zombie (D:5)
  An orc zombie (D:5)
  7 rats
141 creatures vanquished.

Vanquished Creatures (others)
  2 fungi (D:5)
  13 plants
15 creatures vanquished.

Grand Total: 156 creatures vanquished

Notes
Turn   | Place    | Note
-------+----------+-------------------------------------------
     0 | D:1      | jlumianski the Demonspawn Gladiator began the quest for the
                  | Orb.
     0 | D:1      | Reached XP level 1. HP: 16/16 MP: 1/1
   115 | D:1      | Gained mutation: A meltable shield of frost defends you.
                  | (SH +0) [demonic ancestry]
   115 | D:1      | Reached XP level 2. HP: 22/22 MP: 2/2
   171 | D:1      | Reached skill level 3 in Axes
   311 | D:1      | Reached XP level 3. HP: 27/27 MP: 3/3
   616 | D:1      | Found a faded altar of an unknown god.
   705 | D:2      | Noticed Terence
   719 | D:2      | Gained mutation: A meltable icy envelope protects you from
                  | harm. (AC +0) [demonic ancestry]
   719 | D:2      | Reached XP level 4. HP: 25/33 MP: 4/4
   728 | D:2      | Killed Terence
  1005 | D:3      | Found a transporter.
  1060 | D:2      | Reached skill level 4 in Axes
  1120 | D:2      | Gained mutation: You may rarely emit foul miasma when
                  | damaged in melee. [demonic ancestry]
  1120 | D:2      | Reached XP level 5. HP: 37/38 MP: 5/5
  1270 | D:2      | Reached skill level 1 in Armour
  1635 | D:3      | Found a transporter.
  2022 | D:4      | Reached skill level 1 in Shields
  2504 | D:3      | Reached XP level 6. HP: 45/46 MP: 6/6
  2710 | D:4      | Reached skill level 5 in Axes
  2757 | D:5      | Entered Level 5 of the Dungeon
  3193 | D:5      | Noticed Sigmund
  3199 | D:5      | Killed Sigmund
  3200 | D:5      | Reached XP level 7. HP: 51/51 MP: 7/7
  3228 | D:5      | Found a stormy altar of Qazlal.
  3232 | D:5      | Found a blossoming altar of Fedhas.
  3238 | D:5      | Became a worshipper of Qazlal Stormbringer
  3407 | D:5      | Reached skill level 6 in Axes
  3523 | D:5      | Reached skill level 1 in Invocations
  4471 | D:5      | Reached skill level 1 in Evocations
  4472 | D:5      | Reached * piety under Qazlal
  4682 | D:6      | Reached XP level 8. HP: 50/58 MP: 8/10
  4701 | D:6      | Identified the +7 glaive of the Desert {flame, Str+5}
  4769 | D:5      | Slain by a centaur

Illustrated notes

Levels and vault maps discovered:
D:1:      ncdulo_smallfort, layout_rooms,
          hellmonk_ecumenical_altar_defaced_shrine, minmay_split_cup_small
D:2:      layout_loops_ring, uniq_terence
D:3:      gammafunk_wand_slinger, layout_loops_ring
D:4:      layout_basic, nicolae_elyvilon_temple_path, serial_corexii_hall,
          corexii_hall_statues_x, corexii_hall_statues_x,
          chequers_hall_statues_wall_a, chequers_hall_statues_wall_a
D:5:      layout_basic, grunt_temple_overflow_forces_of_nature,
          nicolae_ossuary_entry_giza, sigmund_army
D:6:      layout_loops_ring, hangedman_decor_clover_reticule, uniq_menkaure,
          uniq_grinder, uniq_duvessa

Skill      XL: |  1  2  3  4  5  6  7  8 |
---------------+-------------------------+-----
Axes           | 3 4 5 6 |  6.3
Dodging        | 3 |  3.8
Armour         | 1 2 3 |  3.2
Shields        | 1 2 |  2.0
Throwing       | 2 |  2.0
Fighting       | 3 |  3.0
Invocations    | 3 |  3.3
Evocations     | 1 |  1.4
Stealth        | |  0.2

Action                   |  1- 3 |  4- 6 |  7- 9 || total
-------------------------+-------+-------+-------++-------
Melee: War axe           |    75 |   207 |   120 ||   402
       Punch             |       |     1 |     2 ||     3
Throw: Javelin           |     1 |       |     4 ||     5
Evoke: Wand              |       |     3 |       ||     3
  Use: Scroll            |       |     8 |     6 ||    14
       Potion            |       |     4 |       ||     4
Armor: Leather armour    |    30 |     1 |       ||    31
       Plate armour      |       |   174 |    79 ||   253
Dodge: Dodged            |    71 |   107 |    47 ||   225
Block: Other             |    18 |    47 |    15 ||    80
       Buckler           |       |       |    17 ||    17

Table legend: (Time is in decaauts)
 A = Elapsed time spent in this place.
 B = Non-inter-level travel time spent in this place.
 C = Inter-level travel time spent in this place.
 D = Time resting spent in this place.
 E = Time spent auto-exploring this place.
 F = Levels seen in this place.
 G = Mean time per level.
                   A        B        C        D        E       F      G
               +--------+--------+--------+--------+--------+-----+--------+
         Total |   4887 |   4843 |     44 |    151 |   2530 |   6 |  814.5 |
       Dungeon |   4887 |   4843 |     44 |    151 |   2530 |   6 |  814.5 |
               +--------+--------+--------+--------+--------+-----+--------+

Top non-repeatable levels by time:
     D:5: 1216 daAuts
     D:3: 1043 daAuts
     D:4: 979 daAuts
     D:2: 906 daAuts
     D:1: 660 daAuts
     D:6: 81 daAuts
